 Dungeon Crawl Stone Soup version 0.18-a0-721-g8fc53f4 (webtiles) character file.

79 Ijustatesigmund the Poker (level 4, 0/34 HPs)
             Began as a Merfolk Skald on Dec 8, 2015.
             Slain by a gnoll
             ... wielding a +0 spear
              (2 damage)
             ... on level 2 of the Dungeon.
             The game lasted 00:08:28 (2143 turns).

Ijustatesigmund the Poker (Merfolk Skald)           Turns: 2143, Time: 00:08:29

Health: 0/34       AC:  5    Str: 12    XL:     4   Next: 38%
Magic:  0/7        EV: 13    Int: 12    God:
Gold:   46         SH:  0    Dex: 13    Spells: 3 memorised, 2 levels left

rFire  . . .     SeeInvis .     a - +1 spear
rCold  . . .     Clarity  .     b - +0 leather armour
rNeg   . . .     SustAt   .     (no shield)
rPois  .         Gourm    .     r - +1 helmet
rElec  .         Spirit   .     (no cloak)
rCorr  .         Dismiss  .     (no gloves)
rMut   .         Stasis   .     (no boots)
MR     .....                    (no amulet)
Stlth  +.........               (no ring)
                                (no ring)

@: infused (expiring), singing, not resistant to hostile enchantments, very
unstealthy
A: change form in water, swift swim
a: Stop Singing


You were on level 2 of the Dungeon.
You were very hungry.

You visited 1 branch of the dungeon, and saw 2 of its levels.

You collected 46 gold pieces.

Inventory:

Hand Weapons
 a - a +1 spear (weapon)
Armour
 b - a +0 leather armour (worn)
 j - a +0 buckler
 r - a +1 helmet (worn)
Wands
 h - a wand of slowing (24)
Scrolls
 e - a scroll of immolation
 f - a scroll of magic mapping
 g - 2 scrolls of amnesia
 n - 5 scrolls of identify
 o - a scroll of remove curse
Potions
 i - a potion of lignification
 s - a potion of cancellation
Books
 c - a book of Battle

   Spells                             Type                      Level
   a - Infusion                       Charms                       1
   b - Shroud of Golubria             Charms/Translocation         2
   c - Song of Slaying                Charms                       2
   d - Spectral Weapon                Hexes/Charms                 3
   e - Regeneration                   Charms/Necromancy            3
Comestibles
 d - 2 bread rations
 k - a meat ration
 l - a beef jerky


   Skills:
 + Level 2.4 Fighting
 + Level 4.7 Polearms
 - Level 0.6 Armour
 + Level 3.9 Dodging
 - Level 2.0 Spellcasting
 + Level 3.3 Charms


You had 2 spell levels left.
You knew the following spells:

 Your Spells              Type           Power        Failure   Level  Hunger
a - Infusion              Chrm           #.....       12%         1    ##.....
b - Song of Slaying       Chrm           #.......     17%         2    ###....
c - Shroud of Golubria    Chrm/Tloc      #.........   28%         2    ###....


Dungeon Overview and Level Annotations

Branches:
Dungeon (2/15)

Altars:


Message History

You kill the gnoll!
Your magical infusion is running out.
The gnoll hits you from afar with a spear.
* * * LOW HITPOINT WARNING * * *
Evoke which item? (* to show all) (? for menu, Esc to quit)
Zapping:
h - a wand of slowing (will waste charges)
Press: ? - help, Shift-Dir - straight line, f - gnoll
Aim: a gnoll, wielding a spear (chance to defeat MR: 61%)
The gnoll resists with significant effort.
Evoking this partially-identified wand wasted a few charges.
The gnoll hits you from afar with a spear.
* * * LOW HITPOINT WARNING * * *
Evoke which item? (* to show all) (? for menu, Esc to quit)
Zapping:
h - a wand of slowing {zapped: 3} (will waste charges)
Press: ? - help, Shift-Dir - straight line, f/p - gnoll
Aim: a gnoll, wielding a spear (chance to defeat MR: 61%)
The gnoll seems to slow down.
Evoking this partially-identified wand wasted a few charges.
The gnoll hits you from afar with a spear.
You die...

######## #......#
### #.####.#
###.####.#....####
.................#
#.....##.#...[##.#
##...###.####.##.##
##.## #<#**#.##@.#
#.# #..,,#####.#
#.# ###***,,,#g#
##+## #.g.'g#
##...## #..%###
#.....## ####*
.......## ##..#
........####...##
......(.'.......#


You could see a gnoll and a hobgoblin.

Vanquished Creatures
  A gnoll (D:2)
  3 adders (D:2)
  A worm (D:2)
  A ball python (D:2)
  4 bats (D:2)
  5 giant cockroaches (D:2)
  3 goblins
  4 hobgoblins
  5 giant geckos
  2 giant newts
  3 kobolds
  7 rats
39 creatures vanquished.

Notes
Turn   | Place    | Note
--------------------------------------------------------------
     0 | D:1      | Ijustatesigmund the Merfolk Skald began the quest for the Orb.
     0 | D:1      | Reached XP level 1. HP: 16/16 MP: 3/3
   368 | D:1      | Reached XP level 2. HP: 22/22 MP: 0/5
  1096 | D:2      | Reached skill level 4 in Polearms
  1096 | D:2      | Reached XP level 3. HP: 22/27 MP: 1/6
  1549 | D:2      | Found a faded altar to an unknown god.
  1579 | D:2      | Reached XP level 4. HP: 28/33 MP: 2/7
  1632 | D:2      | Learned a level 2 spell: Song of Slaying
  1635 | D:2      | Learned a level 2 spell: Shroud of Golubria
  2143 | D:2      | Slain by a gnoll

Vault maps used:
D:1:      roderic_octagonal_star, hangedman_abyss_or_decor_stabs,
          minmay_misc_feat_ornament, item_on_display_a
D:2:      ecumenical_altar_1, grunt_ministairs_10, amalloy_card_club

Action                   |  1- 3 |  4- 6 || total
-------------------------+-------+-------++-------
Melee: Spear             |   126 |    47 ||   173
 Cast: Infusion          |     9 |     2 ||    11
       Song of Slaying   |       |     1 ||     1
Evoke: Wand              |       |     2 ||     2
  Use: Scroll            |       |    11 ||    11
  Eat: Chunk             |     2 |     1 ||     3
